 Dungeon Crawl Stone Soup version 0.28-a0-925-gd5e1996cdb (webtiles) character file.

Game seed: 6157030665230653430

12275 ryw the Severer (level 11, -2/92 HPs)
             Began as a Minotaur Fighter on Nov 26, 2021.
             Was a Priest of Hepliaklqana.
             Shot with an arrow by a centaur warrior (17 damage)
             ... on level 11 of the Dungeon.
             The game lasted 00:21:33 (11786 turns).

ryw the Severer (Minotaur Fighter)                 Turns: 11786, Time: 00:21:33

Health: -2/92      AC: 15    Str: 23    XL:     11   Next: 60%
Magic:  10/10      EV:  3    Int:  5    God:    Hepliaklqana [***...]
Gold:   633        SH: 16    Dex: 23    Spells: 10/10 levels left

rFire   . . .      SeeInvis .   a - +1 war axe (spect)
rCold   . . .      Faith    .   o - +0 tower shield
rNeg    . . .      Spirit   .   v - +0 plate armour
rPois   .          Reflect  .   (helmet restricted)
rElec   .          Harm     .   (no cloak)
rCorr   .          Rampage  .   (no gloves)
Will    .....                   (no boots)
Stlth   ..........              (no amulet)
HPRegen 0.25/turn               C - +6 ring of dexterity
MPRegen 0.12/turn               s - +6 ring of dexterity

@: no status effects
A: reduced essence, horns 2, retaliatory headbutt
a: Renounce Religion, Recall Ancestor, Ancestor Identity, Transference


You were on level 11 of the Dungeon.
You worshipped Hepliaklqana.
Hepliaklqana was most pleased with you.
You visited 2 branches of the dungeon, and saw 12 of its levels.

You collected 633 gold pieces.

Inventory:

Hand Weapons
 a - a +1 spectral war axe (weapon)
 c - a +0 war axe of flaming
 x - a +4 battleaxe
 y - a +3 hunting sling of flaming
Missiles
 b - 15 boomerangs
 q - 5 silver boomerangs (quivered)
 B - 25 sling bullets
Armour
 o - a +0 tower shield (worn)
 v - a +0 plate armour (worn)
Jewellery
 s - a +6 ring of dexterity (right hand)
 C - a +6 ring of dexterity (left hand)
Wands
 h - a wand of paralysis (12)
 n - a wand of mindburst (7)
 w - a wand of flame (44)
Scrolls
 f - a scroll of magic mapping
 g - a scroll of fear
 i - 5 scrolls of teleportation
 p - 2 scrolls of fog
Potions
 d - a potion of might
 e - a potion of lignification {unknown}
 j - 3 potions of flight
 k - a potion of brilliance {unknown}
 l - 3 potions of heal wounds
 m - 3 potions of cancellation
 r - a potion of mutation {unknown}
 t - a potion of resistance
 u - 2 potions of curing {unknown}
 z - a potion of haste {unknown}
 A - a potion of invisibility


   Skills:
 + Level 11.6 Fighting
 * Level 15.5 Axes
 + Level 11.6 Armour
 + Level 5.1 Shields


You had 10 spell levels left.
You didn't know any spells.
Your spell library contained the following spells:

 Spells                   Type           Power      Damage    Failure   Level
 Magic Dart               Conj           0%         1d3       100%        1
 Call Imp                 Summ           0%         N/A       100%        2
 Ensorcelled Hibernation  Hex/Ice        0%         N/A       100%        2
 Static Discharge         Conj/Air       0%         N/A       100%        2
 Mephitic Cloud           Conj/Pois/Air  0%         N/A       100%        3
 Ozocubu's Armour         Ice            0%         N/A       100%        3
 Tukima's Dance           Hex            0%         N/A       100%        3
 Dispel Undead            Necr           0%         3d6       100%        4
 Leda's Liquefaction      Hex/Erth       0%         N/A       100%        4
 Sticky Flame             Conj/Fire      0%         2d3       100%        4
 Lee's Rapid Deconstruct  Erth           0%         3d5*      100%        5
 Metabolic Englaciation   Hex/Ice        0%         N/A       100%        5
 Simulacrum               Ice/Necr       0%         N/A       100%        6
 Statue Form              Tmut/Erth      0%         N/A       100%        6


Dungeon Overview and Level Annotations

Branches:
Dungeon (11/15)            Temple (1/1) D:5            Lair (0/6) D:11
    Orc (0/2) D:9

Altars:
Gozag
Hepliaklqana
Kikubaaqudgha
Makhleb
Ru
Sif Muna
Trog
Uskayaw
Vehumet
Wu Jian
Xom
Zin
The Shining One
Beogh

Shops:
D:5 ==

Portals:
Trove: D:10 (show abyssal rune of Zot)


Innate Abilities, Weirdness & Mutations

Your life essence is reduced to manifest your ancestor. (-10% HP)
You have a pair of horns on your head.
You reflexively headbutt those who attack you in melee.


Message History

The centaur warrior shouts!
The cyclops shouts!
The killer bee buzzes angrily.
The deep troll shouts!
The centaur warrior wields a +0 shortbow.
The centaur warrior shoots an arrow.
You block the arrow.
Found a barding.
You swap places.
The centaur warrior unwields a +0 shortbow.
You block the centaur warrior's attack.
The centaur warrior kicks you but does no damage.
The cyclops hits you but does no damage.
The centaur warrior hits you! You block the centaur warrior's attack.
There is an open door, spattered with blood here.
You slash the cyclops!
The cyclops is moderately wounded.
You hit the centaur warrior. You block the centaur warrior's attack.
The centaur warrior kicks you but does no damage.
The cyclops hits you!!
Unknown command.
You slash the cyclops! You headbutt the cyclops!
The cyclops is severely wounded.
You slash the centaur warrior!
The centaur warrior hits you but does no damage.
You block the centaur warrior's attack. x2
The centaur warrior kicks you but does no damage.
The cyclops hits you!!
You swap places.
Something hits Paullus!
Something kicks Paullus.
Paullus hits the cyclops with a +0 dagger of draining.
Something hits Paullus!
Something barely misses Paullus.
Something hits Paullus!
Paullus is destroyed!
Items here: )) [ †.
Items here: )) [ †.
The centaur warrior wields a +0 shortbow.
The centaur warrior shoots an arrow.
The arrow hits you!!
* * * LOW HITPOINT WARNING * * *
The centaur warrior shoots an arrow.
The arrow hits you.
* * * LOW HITPOINT WARNING * * *
Unknown command.
The centaur warrior shoots an arrow.
The arrow hits you!
You die...

######♣.♣####
########......#
#.♣.♣.#♣..♣
#.....#.....#.
#♣.♣.♣#.≈≈♣
#.♣♣♣.#.....#.
#.♣.♣.#.≈≈
#.c.C.#.....#.
#♣.♣.♣#.≈.
#)##'##.....#≈
#.♣.♣R#..♣♣♣#)#c.#
... #. ##♣'♣##♣...
#.#yT# #.
#..<..#♣)♣♣♣#c#[##
#.
+..8..'..@....#+ .
#..>..#♣♣♣.♣###
##♣+♣##♣♣..♣
#♣.≈.♣ #..≈.♣
#.♣≈.♣ #....♣
#♣♣.♣♣ ###


You could see a centaur warrior.

Vanquished Creatures
  Erolcha (D:10)
  A sixfirhy (D:9)
  Pikel (D:9)
  2 oklob plants (D:11)
  A cyclops (D:11)
  Joseph (D:9)
  A gargoyle (D:10)
  Maggie (D:10)
  An unseen horror (D:11)
  Psyche (D:10)
  2 wraiths (D:11)
  7 yaks
  Menkaure (D:7)
  2 water moccasins
  A black bear (D:4)
  3 orc warriors
  4 ice beasts
  A necrophage (D:4)
  A sky beast (D:4)
  2 ogres
  A centaur (D:9)
  3 phantoms
  2 kobold brigands
  2 bullfrogs (D:7)
  A wyvern zombie (D:8)
  3 scorpions
  5 gnoll sergeants
  3 water moccasin skeletons
  A wyvern skeleton (D:7)
  6 killer bees (D:9)
  2 howler monkeys
  14 wights
  A bullfrog zombie (D:5)
  A centaur zombie (D:9)
  A jelly (D:5)
  A hound (D:7)
  2 bullfrog skeletons (D:5)
  2 centaur skeletons
  12 orc priests
  Jessica (D:2)
  2 iguanas
  Terence (D:2)
  9 orc wizards
  A howler monkey zombie (D:9)
  2 adders
  16 gnolls
  A shadow imp (D:8)
  A white imp (D:6)
  An adder skeleton (D:5)
  2 worms (D:2)
  3 dart slugs
  22 orcs
  5 endoplasms
  3 giant cockroaches
  5 hobgoblins
  4 jackals (D:2)
  6 quokkas
  9 ball pythons
  3 bats
  3 frilled lizards
  4 goblins
  19 kobolds
  6 rats
227 creatures vanquished.

Vanquished Creatures (collateral kills)
  A two-headed ogre (D:10)
  Erica (D:10)
  A centaur zombie (D:11)
  2 yaks (D:9)
  A steam dragon (D:8)
  An orc warrior (D:9)
  A killer bee (D:9)
  A gnoll (D:10)
9 creatures vanquished.

Vanquished Creatures (others)
  A hexer (D:11)
  15 plants
16 creatures vanquished.

Grand Total: 252 creatures vanquished

Notes
Turn   | Place    | Note
-------+----------+-------------------------------------------
     0 | D:1      | ryw the Minotaur Fighter began the quest for the Orb.
     0 | D:1      | Reached XP level 1. HP: 19/19 MP: 0/0
   360 | D:1      | Reached skill level 3 in Axes
   360 | D:1      | Reached XP level 2. HP: 27/27 MP: 1/1
   944 | D:2      | Noticed Terence
   955 | D:2      | Killed Terence
   956 | D:2      | Reached XP level 3. HP: 26/33 MP: 2/2
  1053 | D:2      | Noticed Jessica
  1058 | D:2      | Killed Jessica
  1059 | D:2      | Reached skill level 4 in Axes
  1059 | D:2      | Reached XP level 4. HP: 41/41 MP: 3/3
  1574 | D:2      | Found a shimmering altar of Xom.
  1936 | D:3      | Reached skill level 5 in Axes
  1936 | D:3      | Reached XP level 5. HP: 38/47 MP: 4/4
  2355 | D:4      | Noticed an ogre
  2362 | D:4      | Killed an ogre
  2363 | D:4      | Reached skill level 5 in Fighting
  2363 | D:4      | Reached skill level 5 in Armour
  2363 | D:4      | Reached XP level 6. HP: 9/56 MP: 5/5
  2687 | D:4      | Reached skill level 6 in Axes
  2753 | D:4      | Noticed a sky beast
  2763 | D:4      | Killed a sky beast
  2771 | D:4      | Reached XP level 7. HP: 44/62 MP: 6/6
  3126 | D:4      | Reached skill level 7 in Axes
  3616 | D:5      | Entered Level 5 of the Dungeon
  3659 | D:5      | Found Pontuqae's Antique Armour Shoppe.
  3671 | D:5      | Found Gaipt's Jewellery Shop.
  3673 | D:5      | Found Vuotaum's Jewellery Emporium.
  3862 | D:5      | Noticed a yak
  3862 | D:5      | Noticed a yak
  3862 | D:5      | Noticed a yak
  3863 | D:5      | Noticed a yak
  3877 | D:5      | Killed a yak
  3878 | D:5      | Reached skill level 8 in Axes
  3881 | D:5      | Killed a yak
  3882 | D:5      | Reached XP level 8. HP: 45/71 MP: 7/7
  3890 | D:5      | Reached skill level 9 in Axes
  4150 | D:5      | Found a staircase to the Ecumenical Temple.
  4580 | D:6      | Reached skill level 10 in Axes
  4725 | D:6      | Reached XP level 9. HP: 80/81 MP: 8/8
  5264 | Temple   | Entered the Ecumenical Temple
  5427 | Temple   | Became a worshipper of Hepliaklqana the Forgotten
  5638 | D:7      | HP: 3/82 [orc priest/divine providence (12)]
  5639 | D:7      | Reached skill level 11 in Axes
  6434 | D:7      | Reached * piety under Hepliaklqana
  6572 | D:7      | Noticed Menkaure
  6576 | D:7      | Killed Menkaure
  6577 | D:7      | Reached skill level 12 in Axes
  7305 | D:8      | Reached XP level 10. HP: 73/80 MP: 9/9
  7643 | D:8      | Reached ** piety under Hepliaklqana
  7644 | D:8      | Remembered your ancestor Paullus as a hexer
  7873 | D:8      | Found a glowing silver altar of Zin.
  8345 | D:9      | Found a staircase to the Orcish Mines.
  8592 | D:9      | Reached skill level 13 in Axes
  8598 | D:9      | Reached skill level 10 in Armour
  8654 | D:9      | Noticed Joseph
  8673 | D:9      | Killed Joseph
  8674 | D:9      | Reached skill level 10 in Fighting
  8954 | D:9      | Found a runed translucent door.
  9053 | D:9      | Noticed Pikel
  9060 | D:9      | Killed Pikel
  9757 | D:9      | Reached skill level 14 in Axes
  9919 | D:9      | Found a burning altar of Makhleb.
  9919 | D:9      | Noticed a sixfirhy
  9927 | D:9      | Killed a sixfirhy
 10217 | D:10     | Entered Level 10 of the Dungeon
 10222 | D:10     | Noticed Maggie
 10227 | D:10     | Killed Maggie
 10264 | D:10     | Noticed Erolcha
 10421 | D:10     | Killed Erolcha
 10422 | D:10     | Reached XP level 11. HP: 90/90 MP: 10/10
 10514 | D:10     | Noticed a two-headed ogre
 10519 | D:10     | Killed a two-headed ogre
 10531 | D:10     | Noticed Psyche
 10569 | D:10     | Killed Psyche
 11030 | D:10     | Noticed Erica
 11035 | D:10     | Killed Erica
 11036 | D:10     | Reached skill level 15 in Axes
 11294 | D:10     | Found a portal to a secret trove of treasure.
 11347 | D:11     | Noticed an oklob plant
 11353 | D:11     | Found a staircase to the Lair.
 11354 | D:11     | Noticed an oklob plant
 11357 | D:11     | Killed an oklob plant
 11361 | D:11     | Killed an oklob plant
 11612 | D:11     | Reached skill level 5 in Shields
 11767 | D:11     | Reached *** piety under Hepliaklqana
 11773 | D:11     | Noticed a centaur warrior
 11773 | D:11     | Noticed a deep troll
 11786 | D:11     | Shot with an arrow by a centaur warrior

Illustrated notes

Levels and vault maps discovered:
D:1:      ncdulo_wetmaze, layout_basic
D:2:      layout_loops_ring, basic_altar, minmay_puff, uniq_jessica,
          uniq_terence
D:3:      layout_rooms, wander_ebering_terrifying_dragon_lair
D:4:      layout_loops_ring, hangedman_abyss_or_decor_stabs,
          nicolae_grassy_gnolls
D:5:      layout_basic, temple_hall, nicolae_wooded_promenade,
          grunt_decor_resistance, kennysheep_flooded_box,
          nicolae_elevator_lobby_asterisk
D:6:      layout_basic
D:7:      layout_basic, kennysheep_generic_room_11, uniq_menkaure
D:8:      layout_basic, mainiacjoe_overflow_paths,
          lightli_ossuary_entry_decrepit_ruins
D:9:      layout_loops_ring, nzn_makhleb_speed_demon,
          minmay_orc_entry_temple_small, uniq_joseph, uniq_pikel
D:10:     layout_roguey, nicolae_trove_entry_free_sample, uniq_erica,
          uniq_erolcha, uniq_maggie, uniq_psyche
D:11:     nzn_winding_woodlands_stair_cross [nzn_winding_woodlands_5x15_zeroes,
          nzn_winding_woodlands_center_pierced_h,
          nzn_winding_woodlands_5x15_split_checker,
          nzn_winding_woodlands_5x5_checkerboard,
          nzn_winding_woodlands_5x5_three,
          nzn_winding_woodlands_5x15_pathside_ponds,
          nzn_winding_woodlands_center_lodge,
          nzn_winding_woodlands_5x15_sawtooth], layout_irregular_city,
          dpeg_oklobed_lair, enter_bailey_2
Temple:   mainiacjoe_temple_cubbyholes

Skill      XL: |  1  2  3  4  5  6  7  8  9 10 11 |
---------------+----------------------------------+-----
Axes           | 3 4 5 6 8 10 12 14 15 | 15.5
Fighting       | 4 5 6 7 9 10 11 | 11.6
Armour         | 4 5 6 7 9 10 11 | 11.6
Shields        | 5 |  5.1

Action                   |  1- 3 |  4- 6 |  7- 9 | 10-12 || total
-------------------------+-------+-------+-------+-------++-------
Melee: War axe           |    42 |   102 |   187 |   206 ||   537
       Headbutt          |     7 |    16 |    40 |    64 ||   127
Invok: Ancestor Life: He |       |       |       |     1 ||     1
  Use: Scroll            |       |       |     8 |    11 ||    19
       Potion            |       |       |     1 |       ||     1
 Stab: Distracted        |       |       |     3 |     3 ||     6
       Confused          |       |       |       |     1 ||     1
Armor: Scale mail        |    15 |    53 |     4 |       ||    72
       Plate armour      |       |       |    70 |    82 ||   152
Dodge: Dodged            |    17 |    30 |    21 |    21 ||    89
Block: Buckler           |     9 |    16 |       |       ||    25
       Kite shield       |       |    15 |    50 |    67 ||   132
       Tower shield      |       |       |       |    23 ||    23

Table legend: (Time is in decaauts)
 A = Elapsed time spent in this place.
 B = Non-inter-level travel time spent in this place.
 C = Inter-level travel time spent in this place.
 D = Time resting spent in this place.
 E = Time spent auto-exploring this place.
 F = Levels seen in this place.
 G = Mean time per level.
                   A        B        C        D        E       F      G
               +--------+--------+--------+--------+--------+-----+--------+
         Total |  11905 |  11384 |    521 |    797 |   8929 |  12 |  992.1 |
       Dungeon |  11653 |  11220 |    433 |    797 |   8776 |  11 | 1059.4 |
        Temple |    252 |    164 |     88 |      0 |    153 |   1 |  252.0 |
               +--------+--------+--------+--------+--------+-----+--------+

Top non-repeatable levels by time:
     D:9: 2012 daAuts
     D:8: 1501 daAuts
     D:7: 1306 daAuts
     D:4: 1288 daAuts
    D:10: 984 daAuts
     D:5: 891 daAuts
     D:2: 887 daAuts
     D:1: 876 daAuts
     D:6: 819 daAuts
     D:3: 630 daAuts
    D:11: 454 daAuts
  Temple: 252 daAuts
